 Dungeon Crawl Stone Soup version 0.29-a0-993-g4a18f31a58 (webtiles) character file.

Game seed: 10313892733517062817

63380 siradein the Basher (level 14, -2/128 (129) HPs)
             Began as a Minotaur Berserker on Aug 3, 2022.
             Was a High Priest of Trog.
             Slain by an orc warrior
             ... wielding a +0 glaive
              (9 damage)
             ... on level 2 of the Orcish Mines.
             The game lasted 01:03:14 (20583 turns).

siradein the Basher (Minotaur Berserker)           Turns: 20583, Time: 01:03:15

HP:   -2/128 (129)  AC: 27    Str: 27    XL:     14   Next: 67%
MP:   4/4           EV: 18    Int:  4    God:    Trog [*****.]
Gold: 1794          SH:  7    Dex: 14    Spells: 13/13 levels left

rFire   . . .      SeeInvis +   S - +10 morningstar "Qitzauva" {antimagic, rN+}
rCold   + + .      Faith    +   o - +0 buckler
rNeg    + . .      Spirit   .   a - +8 chain mail of Runk {Dex+4 Slay+4}
rPois   .          Reflect  .   Z - +2 hat
rElec   .          Harm     .   (no cloak)
rCorr   +          Rampage  .   e - +1 pair of gloves
Will    +++..                   N - +1 pair of boots {Stlth+}
Stlth   ..........              r - amulet of faith
HPRegen 1.31/turn               X - +4 ring of evasion
MPRegen 0.09/turn               v - ring of Qazlal's Generosity {rC++ rCorr SInv}

@: about to teleport, strong-willed, on berserk cooldown, regenerating, slowed,
lightly drained, very slow
A: horns 2, retaliatory headbutt
a: Renounce Religion, Berserk, Trog's Hand, Brothers in Arms


You were on level 2 of the Orcish Mines.
You worshipped Trog.
Trog was extremely pleased with you.
You visited 3 branches of the dungeon, and saw 19 of its levels.

You collected 1969 gold pieces.
You spent 175 gold pieces at shops.

Inventory:

Hand Weapons
 G - a +0 demon whip of venom
 S - the +10 morningstar "Qitzauva" (weapon) {antimagic, rN+}
   (Trog gifted it to you on level 2 of the Lair of Beasts)

   It reduces the magical energy of the wielder, and disrupts the spells and
   magical abilities of those it strikes.
   Natural abilities and divine invocations are not affected.
   rN:        It protects you from negative energy.
Missiles
 d - 232 stones
 D - 11 boomerangs (quivered)
 O - 3 throwing nets
 U - 6 silver boomerangs
Armour
 a - the +8 chain mail of Runk (worn) {Dex+4 Slay+4}
   (You found it on level 10 of the Dungeon)

   Dex:       It affects your dexterity (+4).
   Slay:      It affects your accuracy & damage with ranged weapons and melee
   (+4).
 e - a +1 pair of gloves (worn)
 o - a +0 buckler (worn)
 N - a +1 pair of boots of stealth (worn)
 Z - a +2 hat (worn)
Jewellery
 g - an amulet of guardian spirit
 m - a ring of flight
 r - an amulet of faith (around neck)
 v - the ring of Qazlal's Generosity (right hand) {rC++ rCorr SInv}
   (You found it on level 3 of the Dungeon)

   [ring of see invisible]

   rC:        It greatly protects you from cold.
   SInv:      It lets you see invisible.
   rCorr:     It protects you from acid and corrosion.
 F - an amulet of the acrobat
 I - an amulet of regeneration
 M - a ring of ice
 V - a ring of ice
 X - a +4 ring of evasion (left hand)
 Y - the ring of the Postmodern Planets {rElec rCorr MP+9 Str+3}
   (You found it on level 4 of the Lair of Beasts)

   [ring of magical power]

   Str:       It affects your strength (+3).
   rElec:     It insulates you from electricity.
   MP:        It affects your magic capacity (+9).
   rCorr:     It protects you from acid and corrosion.
Wands
 u - a wand of mindburst (18)
 w - a wand of paralysis (30)
 J - a wand of digging (11)
 P - a wand of acid (5)
 Q - a wand of polymorph (5)
Scrolls
 h - 5 scrolls of immolation
 i - 2 scrolls of fear {unknown}
 l - 2 scrolls of fog
 n - 3 scrolls of enchant armour {unknown}
 q - 2 scrolls of poison {unknown}
 s - 3 scrolls of magic mapping
 t - a scroll of summoning
 x - 6 scrolls of blinking
 y - 8 scrolls of teleportation
 B - a scroll of torment {unknown}
 H - a scroll of enchant weapon {unknown}
 L - a scroll of acquirement {unknown}
 W - a scroll of brand weapon
Potions
 b - 3 potions of mutation
 c - 2 potions of attraction
 j - 3 potions of ambrosia
 k - 3 potions of lignification
 p - 4 potions of might
 z - 4 potions of heal wounds
 A - 3 potions of berserk rage
 C - 2 potions of resistance
 E - 3 potions of flight
 K - 4 potions of curing
 R - 2 potions of magic


   Skills:
 + Level 13.3 Fighting
 + Level 14.0 Maces & Flails
 + Level 10.8 Throwing
 + Level 12.9 Armour
 + Level 12.1 Dodging
 + Level 12.8 Shields


You had 13 spell levels left.
You didn't know any spells.
Your spell library was empty.

Dungeon Overview and Level Annotations

Branches:
Dungeon (12/15)            Temple (0/1) D:7            Lair (5/5) D:9
 Shoals (0/4) Lair:2       Spider (0/4) Lair:2        Slime (0/5) Lair:5
    Orc (2/2) D:11            Elf (0/3) Orc:2

Altars:
Cheibriados
Dithmenos
Elyvilon
Gozag
Makhleb
Qazlal
Trog
Uskayaw
Wu Jian
Xom
Yredelemnul
Zin
The Shining One
Jiyva

Shops:
D:1 ?=?[*   D:9 =?[   D:12 [   Orc:2 *:

Annotations:
Lair:1 1 runed translucent door, Nato's ghost, journeyman TrFi


Innate Abilities, Weirdness & Mutations

You have a pair of horns on your head.
You reflexively headbutt those who attack you in melee.


Message History

The orcs go into a battle-frenzy!
An orc warrior comes into view. It is wielding a +0 glaive.
You impale the orc sorcerer!!
The orc sorcerer's magic leaks into the air.
The orc sorcerer is severely wounded.
The orc warrior misses you. The orc sorcerer closely misses you.
You furiously retaliate!
You headbutt the orc sorcerer. The orc warrior closely misses you.
The orc knight hits you with a +0 long sword!!
* * * LOW HITPOINT WARNING * * *
You closely miss the orc sorcerer.
The orc sorcerer is severely wounded.
You are no longer berserk.
You are exhausted.
You feel yourself slow down.
The orc warrior no longer looks unusually strong.
The orc sorcerer no longer looks unusually strong.
As you read the scroll of teleportation, it crumbles to dust.
You feel strangely unstable. The orc warrior completely misses you.
The orc sorcerer hits you but does no damage.
The orc warrior barely misses you.
The orc knight roars a battlecry!
The orcs go into a battle-frenzy!
The orc warrior hits you with a +0 glaive!
* * * LOW HITPOINT WARNING * * *
The orc priest looks encouraged for a moment.
The orc warrior misses you. The orc warrior completely misses you.
The orc warrior hits you but does no damage.
The orc knight hits you with a +0 long sword!
* * * LOW HITPOINT WARNING * * *
An orc warrior comes into view. It is wielding a +0 scimitar.
An orc sorcerer and an orc warrior come into view.
The orc sorcerer is wielding a +2 dagger of electrocution.
Found Umpynaf's Assorted Antiques.
The orc sorcerer shouts!
The orc knight no longer looks unusually strong.
The orc sorcerer barely misses you. You furiously retaliate!
You headbutt the orc sorcerer, but do no damage.
The orc warrior hits you with a +0 glaive!
You die... ......#.## .... ............... #........# #.#......#####.##..... ........## #. ..... o..##.##..... ....<...# #..#.o.. ...##.##..... .......## #∩. .oo

...##.##..... .....###
#.o#oo##..##..##.....
.....#
#∩.#o##o..##.###.....
...### #..oooo.##..#
#..... #.. ##.@o.)##..##
##. #####)...## .#. ######
...## #################
..... #.>.#....#....#..
.....#####....))..........
.......##......)..........
.......#.......)..........
#......#........#)).......


You could see 2 orc knights, an orc high priest, 2 orc sorcerers, 5 orc
warriors, an orc priest (strong) and 2 orc wizards.

Vanquished Creatures
  7 slime creatures (D:12)
  An orc warlord (Orc:2)
  A fire dragon (Lair:5)
  Fannar (D:10)
  4 hydras
  A boulder beetle (D:12)
  2 catoblepae
  Erica (D:10)
  2 death yaks (Lair:4)
  4 two-headed ogres
  An orc high priest (Orc:2)
  Amaemon (D:10)
  Lodul (D:10)
  A lindwurm (Lair:5)
  2 orc knights (Orc:2)
  2 deep elf pyromancers
  2 orc sorcerers (Orc:2)
  A spectral centaur (D:10)
  2 cyclopes
  A manticore (D:11)
  20 elephants
  10 black mambas
  A torpor snail (Lair:4)
  3 molten gargoyles (Lair:5)
  An orange demon (D:10)
  13 cane toads
  2 gargoyles (D:12)
  Psyche (D:8)
  13 komodo dragons
  4 rime drakes
  An unseen horror skeleton (D:10)
  A polar bear (Lair:4)
  5 trolls
  5 blink frogs
  7 dream sheep (Lair:2)
  A vampire (D:8)
  2 shadows
  48 yaks
  5 wyverns
  3 wraiths
  5 vampire mosquitoes (D:12)
  9 basilisks
  A redback (Lair:2)
  4 wargs
  3 acid dragons
  6 water moccasins
  5 hell hounds (Lair:5)
  2 sky beasts
  16 orc warriors
  2 ice beasts (D:5)
  3 black bears
  5 centaurs (D:11)
  9 wolves
  12 ogres
  A phantom (D:5)
  2 kobold brigands
  8 bullfrogs
  A necrophage (D:5)
  A gnoll sergeant (D:11)
  4 scorpions
  4 wights (D:8)
  4 killer bees (D:9)
  5 spriggan skeletons (D:11)
  A troll skeleton (D:11)
  6 howler monkeys
  5 electric eels
  2 hounds
  2 centaur zombies (D:10)
  2 jellies
  5 lava snakes (Lair:5)
  2 gnoll boudas
  18 orc priests
  14 orc wizards
  2 iguanas
  A howler monkey zombie (D:10)
  14 gnolls
  2 adders (D:5)
  A shadow imp (D:6)
  3 worms
  4 dart slugs
  85 orcs
  5 endoplasms
  2 giant cockroaches
  4 goblins
  5 hobgoblins
  6 jackals
  4 quokkas
  6 ball pythons
  8 bats
  3 frilled lizards (D:3)
  19 kobolds
  5 rats
532 creatures vanquished.

Vanquished Creatures (others)
  2 bushes (Lair:1)
  17 fungi
  16 plants
35 creatures vanquished.

Grand Total: 567 creatures vanquished

Notes
Turn   | Place    | Note
-------+----------+-------------------------------------------
     0 | D:1      | siradein the Minotaur Berserker began the quest for the
                  | Orb.
     0 | D:1      | Reached XP level 1. HP: 19/19 MP: 0/0
    31 | D:1      | Reached skill level 4 in Maces & Flails
   400 | D:1      | Reached XP level 2. HP: 26/26 MP: 1/1
   400 | D:1      | Found Oneptuc's Jewellery Emporium.
   456 | D:1      | Reached ** piety under Trog
   487 | D:1      | Found Vyriegui's Magic Scroll Shoppe.
   496 | D:1      | Bought a scroll of identify for 20 gold pieces
   509 | D:1      | Found Fayhair's Magic Scroll Shop.
   512 | D:1      | Bought a scroll of noise for 12 gold pieces
   559 | D:1      | Found Plog's Armour Shoppe.
   569 | D:1      | Reached skill level 5 in Maces & Flails
   621 | D:1      | Reached XP level 3. HP: 31/31 MP: 2/2
   701 | D:1      | Found Queqasm's Assorted Antiques.
  1779 | D:3      | Noticed a scorpion
  1785 | D:3      | Killed a scorpion
  1786 | D:3      | Reached XP level 4. HP: 40/40 MP: 3/3
  1867 | D:3      | Reached skill level 6 in Maces & Flails
  1954 | D:3      | Reached skill level 1 in Shields
  2213 | D:3      | Found a stormy altar of Qazlal.
  2220 | D:3      | Found a white marble altar of Elyvilon.
  2249 | D:3      | Identified the ring of Qazlal's Generosity {rC++ rCorr
                  | SInv}
  2300 | D:3      | Found a faded altar of an unknown god.
  2305 | D:3      | Reached *** piety under Trog
  2709 | D:4      | Identified the +1 leather armour "Sacatod" {Int+2}
  2909 | D:4      | Reached XP level 5. HP: 29/46 MP: 1/4
  3117 | D:4      | Reached skill level 1 in Throwing
  3144 | D:4      | Identified the +11 long sword "Killer Bee's Bane" {flame,
                  | *Slow Will+ rCorr SInv}
  3268 | D:5      | Entered Level 5 of the Dungeon
  3283 | D:5      | You are sucked into a shaft and drop 2 floors!
  3285 | D:7      | Found a staircase to the Ecumenical Temple.
  3327 | D:7      | Found a burning altar of Makhleb.
  3439 | D:7      | Reached XP level 6. HP: 40/52 MP: 3/5
  3586 | D:7      | Noticed a sky beast
  3595 | D:7      | Killed a sky beast
  3705 | D:6      | Found a hide-covered altar of Uskayaw.
  3736 | D:6      | Reached XP level 7. HP: 60/60 MP: 6/6
  3910 | D:6      | Found a shadowy altar of Dithmenos.
  3914 | D:6      | Reached skill level 5 in Fighting
  4133 | D:6      | Found an ornate altar of the Wu Jian Council.
  4273 | D:6      | Found a shimmering altar of Xom.
  4291 | D:6      | Found a basalt altar of Yredelemnul.
  4446 | D:6      | Reached skill level 7 in Maces & Flails
  4504 | D:5      | Reached XP level 8. HP: 58/69 MP: 7/7
  4581 | D:5      | Reached **** piety under Trog
  4774 | D:5      | Reached skill level 5 in Armour
  5023 | D:5      | Reached skill level 5 in Dodging
  6036 | D:8      | Reached skill level 5 in Shields
  6146 | D:8      | Reached skill level 8 in Maces & Flails
  6149 | D:8      | Reached XP level 9. HP: 43/78 MP: 5/8
  6248 | D:8      | Noticed Psyche
  6252 | D:8      | Killed Psyche
  6341 | D:8      | Noticed a two-headed ogre
  6354 | D:8      | Killed a two-headed ogre
  6355 | D:8      | Reached skill level 5 in Throwing
  6696 | D:8      | Found a glowing silver altar of Zin.
  7068 | D:9      | Found Loufap's Jewellery Shoppe.
  7137 | D:9      | Found Fofraso's Armour Boutique.
  7150 | D:9      | Found a staircase to the Lair.
  7246 | D:9      | Noticed a deep elf pyromancer
  7256 | D:9      | Killed a deep elf pyromancer
  7257 | D:9      | Reached skill level 9 in Maces & Flails
  7257 | D:9      | Reached XP level 10. HP: 49/88 MP: 6/9
  7437 | D:9      | Found a snail-covered altar of Cheibriados.
  7587 | D:9      | Reached ***** piety under Trog
  7865 | D:9      | Found Abbeif's Magic Scroll Shoppe.
  7870 | D:9      | Bought a scroll of vulnerability for 52 gold pieces
  7870 | D:9      | Bought a scroll of identify for 26 gold pieces
  7870 | D:9      | Bought a scroll of teleportation for 39 gold pieces
  7870 | D:9      | Bought a scroll of identify for 26 gold pieces
  7943 | D:9      | Found a glowing golden altar of the Shining One.
  8158 | D:10     | Entered Level 10 of the Dungeon
  8760 | D:10     | Found an opulent altar of Gozag.
  8809 | D:10     | Noticed Amaemon
  8829 | D:10     | Noticed an orange demon
  8832 | D:10     | Killed Amaemon
  8838 | D:10     | Killed an orange demon
  8839 | D:10     | Reached skill level 10 in Maces & Flails
  8973 | D:10     | Noticed Erica
  9296 | D:10     | Killed Erica
  9297 | D:10     | Reached XP level 11. HP: 97/97 MP: 7/10
  9397 | D:10     | Noticed Lodul
  9413 | D:10     | Killed Lodul
  9504 | D:10     | Identified the +8 chain mail of Runk {Dex+4 Slay+4}
  9549 | D:10     | Noticed a two-headed ogre
  9557 | D:10     | Killed a two-headed ogre
  9707 | D:10     | Noticed a two-headed ogre
  9713 | D:10     | Killed a two-headed ogre
  9844 | D:10     | Found a bloodstained altar of Trog.
 10090 | D:10     | Identified the +10 falchion of the Unstoppable Deaths
                  | {vorpal, *Slow Int+7 SInv}
 10100 | D:10     | Noticed Fannar
 10109 | D:10     | Killed Fannar
 10504 | D:11     | Found a staircase to the Orcish Mines.
 10896 | D:11     | Received a gift from Trog
 11596 | Lair:1   | Entered Level 1 of the Lair of Beasts
 11601 | Lair:1   | Reached skill level 10 in Fighting
 11601 | Lair:1   | Reached skill level 11 in Maces & Flails
 11803 | Lair:1   | Noticed a catoblepas
 11924 | Lair:1   | Killed a catoblepas
 11925 | Lair:1   | Reached XP level 12. HP: 91/106 MP: 9/11
 12314 | Lair:1   | Reached skill level 10 in Armour
 12492 | Lair:1   | Noticed Nato's ghost (journeyman TrFi)
 12496 | Lair:1   | Found a runed translucent door.
 12941 | Lair:2   | Reached skill level 10 in Shields
 13131 | Lair:2   | Found a hole to the Spider Nest.
 13381 | Lair:2   | Found a staircase to the Shoals.
 13473 | Lair:2   | Identified the +2 robe of the Comet {Dex+4}
 13571 | Lair:2   | Identified the +10 morningstar "Qitzauva" {antimagic, rN+}
                  | (Trog gifted it to you on level 2 of the Lair of Beasts)
 13571 | Lair:2   | Received a gift from Trog
 13578 | Lair:2   | Reached skill level 12 in Maces & Flails
 13580 | Lair:2   | Reached skill level 10 in Dodging
 13862 | Lair:3   | Noticed a six-headed hydra
 13866 | Lair:3   | Killed a six-headed hydra
 14542 | Lair:3   | Reached XP level 13. HP: 112/116 MP: 4/12
 15620 | Lair:4   | Identified the ring of the Postmodern Planets {rElec rCorr
                  | MP+9 Str+3}
 16227 | Lair:5   | Entered Level 5 of the Lair of Beasts
 16503 | Lair:4   | Received a gift from Trog
 17416 | Lair:5   | Reached skill level 13 in Maces & Flails
 17446 | Lair:5   | Found a viscous altar of Jiyva.
 17447 | Lair:5   | Found a staircase to the Slime Pits.
 17503 | Lair:5   | Reached skill level 10 in Throwing
 17878 | Lair:5   | Reached XP level 14. HP: 127/127 MP: 7/13
 18122 | Lair:5   | Found a large runed translucent door.
 18124 | Lair:5   | Found a large runed translucent door.
 18941 | D:12     | Found Unug's Antique Armour Emporium.
 19500 | Orc:1    | Entered Level 1 of the Orcish Mines
 19599 | Orc:1    | Received a gift from Trog
 20042 | Orc:2    | Entered Level 2 of the Orcish Mines
 20155 | Orc:2    | Found a staircase to the Elven Halls.
 20192 | Orc:2    | Noticed an orc warlord
 20213 | Orc:2    | Killed an orc warlord
 20535 | Orc:2    | Found Ulag's Book Shoppe.
 20544 | Orc:2    | Reached skill level 14 in Maces & Flails
 20557 | Orc:2    | Paralysed by an orc sorcerer for 4 turns
 20582 | Orc:2    | HP: 5/128 [orc knight/+0 long sword (9)]
 20583 | Orc:2    | Found Umpynaf's Assorted Antiques.
 20583 | Orc:2    | Slain by an orc warrior

Illustrated notes

Levels and vault maps discovered:
D:1:      minmay_arrival_arboretum_small, layout_basic, serial_shops,
          shop_statue, nicolae_shop_behind_doors, nicolae_shop_crystal,
          shop_fountains, shop, minmay_tromino_i2
D:2:      layout_loops_cross
D:3:      layout_loops_ring, nicolae_overflow_hidden_temple,
          grunt_qazlal_sundering, ebering_ecumenical_altar_box
D:4:      layout_gridville
D:5:      layout_loops_ring, chequers_mini_garden,
          chequers_serial_rivers_micro_d, columned_hall_lemuel
D:6:      layout_loops_cross, eat_drink_and_be_merry_uskayaw,
          nicolae_wu_jian_wuxing_cycle, nicolae_dithmenos_the_darkroom,
          mainiacjoe_overflow_large_starburst
D:7:      layout_basic, mainiacjoe_overflow_24_doors,
          minmay_temple_entry_drinking_statues
D:8:      layout_layer_cave, zin_treasury, uniq_psyche
D:9:      layout_long_grid, tso_altar, lemuel_crystal_altar,
          erik_lair_orcish_takeover, serial_shops, shop, shop, shop
D:10:     layout_loops_cross, kennysheep_mini,
          mainiacjoe_overflow_cross_hatched, hangedman_weighted_door,
          uniq_lodul, uniq_amaemon, uniq_erica, uniq_fannar
D:11:     layout_long_grid, hiddenorc2_lemuel, hangedman_tell_no_tales
D:12:     layout_roguey, serial_shops, shop
Lair:1:   layout_long_grid, hellmonk_ghost_happy_afterlife, wad_woods_06,
          infiniplex_staircase_pool, serial_bayou_shore_b, serial_bayou_shore_b
Lair:2:   layout_chaotic_city, elwin_shoals_entry_rocks, spider_nest_entry_a
Lair:3:   layout_gridlike
Lair:4:   layout_long_grid, serial_bayou_crossing, serial_bayou_shore_b,
          grunt_megastairs_5, lemuel_fruit_tree
Lair:5:   cheibrodos_lair_end_hotspot, layout_regular_city, slime_entry_1,
          minivault_25, disabler_island
Orc:1:    layout_diamond_mine
Orc:2:    st_orc_elflike, layout_diamond_mine, special_room,
          nicolae_orc_sculptors_studio

Skill      XL: |  1  2  3  4  5  6  7  8  9 10 11 12 13 14 |
---------------+-------------------------------------------+-----
Maces & Flails | 4 5 6 7 8 9 10 11 12 13 14 | 14.0
Shields        | 1 2 3 5 6 8 9 10 12 | 12.8
Fighting       | 4 5 6 7 9 10 11 12 13 | 13.3
Throwing       | 1 2 3 4 5 6 7 9 10 | 10.8
Armour         | 3 4 5 7 8 9 10 12 | 12.9
Dodging        | 3 4 5 6 7 9 10 11 12 | 12.1

Action                   |  1- 3 |  4- 6 |  7- 9 | 10-12 | 13-15 || total
-------------------------+-------+-------+-------+-------+-------++-------
Melee: Mace              |    89 |    56 |       |       |       ||   145
       Headbutt          |    14 |     7 |    21 |   134 |   135 ||   311
       Long sword        |       |    20 |   173 |    66 |       ||   259
       Flail             |       |       |       |    29 |       ||    29
       Demon whip        |       |       |       |   401 |       ||   401
       Morningstar       |       |       |       |    59 |   540 ||   599
Invok: Berserk           |     1 |       |       |     5 |     8 ||    14
       Trog's Hand       |       |       |     2 |     3 |     8 ||    13
  Use: Scroll            |     1 |       |     3 |     6 |    10 ||    20
 Stab: Petrified         |       |       |       |       |     9 ||     9
Armor: Ring mail         |    48 |    32 |    18 |       |       ||    98
       Chain mail        |       |       |    83 |   209 |   247 ||   539
       Acid dragon scale |       |       |       |     7 |       ||     7
Dodge: Dodged            |    64 |    23 |   108 |   202 |   312 ||   709
Block: Buckler           |     1 |     7 |    45 |   128 |   167 ||   348

Table legend: (Time is in decaauts)
 A = Elapsed time spent in this place.
 B = Non-inter-level travel time spent in this place.
 C = Inter-level travel time spent in this place.
 D = Time resting spent in this place.
 E = Time spent auto-exploring this place.
 F = Levels seen in this place.
 G = Mean time per level.
                   A        B        C        D        E       F      G
               +--------+--------+--------+--------+--------+-----+--------+
         Total |  20608 |  19449 |   1159 |   1612 |  14914 |  19 | 1084.6 |
       Dungeon |  12338 |  11459 |    879 |    880 |   8803 |  12 | 1028.2 |
          Lair |   7203 |   6966 |    237 |    728 |   5289 |   5 | 1440.6 |
  Orcish Mines |   1067 |   1026 |     41 |      2 |    821 |   2 |  533.5 |
               +--------+--------+--------+--------+--------+-----+--------+

Top non-repeatable levels by time:
  Lair:5: 1962 daAuts
    D:10: 1814 daAuts
  Lair:4: 1806 daAuts
     D:9: 1464 daAuts
     D:8: 1390 daAuts
    D:11: 1248 daAuts
  Lair:3: 1237 daAuts
  Lair:1: 1135 daAuts
  Lair:2: 1061 daAuts
     D:2: 1016 daAuts
     D:6: 993 daAuts
     D:3: 890 daAuts
     D:5: 861 daAuts
     D:1: 767 daAuts
     D:7: 722 daAuts
